Map: Echo LE (Void)

Players

Ben - Winner!

  • Race: Terran Terran
  • League: Master
  • Spawn Location: 5:00

WhiteRa

  • Race: Protoss Protoss
  • League: Master
  • Spawn Location: 11:00

VOD

Have the link to the VOD?

Description

Time

  • Played on: Nov. 28, 2016, 12:08 a.m.
  • Length: 16:32
Show
View Real Time Build Order
Export as new Build Order

Ben Terran - Winner!

Build Orders: Mech 

Get SALT Encoding   

  12  0:01  SCV  
  13  0:13  SCV  
  14  0:23  Supply Depot  
  14  0:25  SCV  
  15  0:30  Refinery  
  15  0:45  Barracks, SCV  
  17  0:57  SCV  
  17  1:09  SCV  
  18  1:21  SCV  
  19  1:33  Marine, Orbital Command  
  19  1:35  Factory  
  20  1:44  Supply Depot  
  20  1:51  Barracks Reactor  
  20  1:59  SCV  
  21  2:12  Command Center  
  21  2:13  SCV  
  22  2:19  Factory Tech Lab  
  22  2:25  SCV  
  22  2:27  Marine  
  22  2:28  Refinery, Marine  
  25  2:35  Supply Depot  
  25  2:37  SCV  
  26  2:45  Marine x2  
  28  2:54  Siege Tank, SCV  
  31  3:03  Marine x2  
  33  3:06  SCV  
  34  3:18  SCV  
  35  3:21  Marine x2  
  35  3:24  Starport  
  37  3:28  Orbital Command  
  37  3:34  SCV  
  37  3:39  Marine x2  
  40  3:45  Siege Tank  
  40  3:48  SCV  
  44  3:58  Supply Depot  
  44  3:59  Marine x2  
  46  4:03  Starport Tech Lab  
  46  4:08  Orbital Command  
  46  4:11  SCV  
  46  4:16  Marine  
  48  4:17  Siege Tank  
  48  4:23  SCV  
  52  4:30  Marine  
  53  4:34  Marine  
  53  4:35  SCV x2  
  53  4:36  Refinery, Bunker  
  53  4:37  Refinery  
  56  4:40  Raven  
  58  4:47  Supply Depot, SCV x2  
  60  4:54  Marine  
  60  4:55  Marine  
  62  5:03  Supply Depot  
  62  5:09  SCV x2  
  64  5:17  Marine x2  
  64  5:21  SCV x2  
  68  5:23  Raven  
  68  5:26  Supply Depot, Corvid Reactor  
  70  5:33  SCV x2  
  72  5:44  Command Center  
  72  5:45  SCV x2  
  74  5:53  Starport  
  74  5:57  SCV  
  74  5:59  SCV  
  74  6:00  Supply Depot  
  76  6:06  Raven  
  76  6:09  SCV  
  78  6:11  Engineering Bay, SCV  
  78  6:15  Bunker  
  79  6:20  Marine x2  
  79  6:21  Supply Depot, SCV  
  79  6:24  SCV  
  79  6:25  Supply Depot  
  83  6:33  SCV, Starport Tech Lab  
  83  6:36  SCV  
  83  6:37  Hi-Sec Auto Tracking  
  85  6:45  Missile Turret x2  
  85  6:46  SCV  
  86  6:47  Marine x2  
  86  6:48  Raven  
  86  6:52  Raven  
  92  6:59  Supply Depot  
  92  7:00  Orbital Command  
  92  7:02  Siege Tank  
  92  7:04  SCV x2  
  96  7:11  Marine x2  
  98  7:19  SCV  
  99  7:27  Command Center  
  99  7:29  Marine x2  
  101  7:30  Factory  
  101  7:31  Raven  
  103  7:37  Factory  
  103  7:43  SCV x2  
  105  7:47  Raven  
  107  7:51  Orbital Command  
  106  8:10  Siege Tank  
  109  8:14  SCV x2  
  109  8:19  SCV  
  112  8:24  Factory Reactor  
  112  8:25  Command Center  
  112  8:26  Command Center, SCV  
  113  8:27  Sensor Tower  
  113  8:29  Refinery x2  
  113  8:30  Factory  
  113  8:35  SCV x2  
  113  8:37  Hellion x2  
  113  8:39  SCV  
  120  8:46  Sensor Tower  
  120  8:52  Raven  
  122  8:55  Supply Depot  
  122  8:56  SCV x2  
  122  8:57  Supply Depot  
  124  9:04  Hellion x3  
  124  9:05  Hellion  
  132  9:17  Raven  
  132  9:20  Hellion x2  
  137  9:25  Hellion  
  137  9:26  Hellion  
  128  9:34  Raven  
  125  9:38  Hellion  
  125  9:43  Widow Mine, Hellion x2  
  131  9:46  Widow Mine  
  131  9:50  SCV  
  132  9:55  SCV x2  
  132  9:56  Hellion  
  132  9:59  Orbital Command  
  136  10:00  Hellion, Raven  
  136  10:02  SCV  
  139  10:07  SCV  
  139  10:08  SCV  
  139  10:12  Siege Tank  
  139  10:13  Hellion x2  
  144  10:14  Widow Mine  
  144  10:16  Widow Mine  
  144  10:17  Raven  
  143  10:23  Hellion  
  130  10:34  Hellion x2  
  134  10:43  Widow Mine x2  
  134  10:48  Raven  
  134  10:49  Hellion x2  
  142  10:53  SCV x2  
  142  10:54  Widow Mine  
  142  11:00  Raven  
  143  11:04  SCV x2  
  143  11:05  Hellion  
  143  11:11  Hellion  
  138  11:12  Siege Tank  
  138  11:14  SCV x2  
  141  11:21  Hellion x2, SCV x2  
  146  11:25  Hellion  
  146  11:27  Factory Tech Lab  
  146  11:31  Widow Mine, Raven  
  141  11:40  Planetary Fortress  
  141  11:41  SCV x2  
  141  11:42  SCV x2  
  141  11:44  Siege Tank  
  148  11:49  Refinery, Planetary Fortress  
  148  11:51  Widow Mine  
  148  11:52  Hellion x2  
  148  11:53  Refinery  
  154  11:54  Refinery  
  154  11:57  Refinery  
  154  12:00  Missile Turret  
  154  12:03  Armory  
  154  12:04  Hellion x2  
  158  12:11  Viking  
  158  12:12  Widow Mine x2, SCV x2  
  166  12:16  Siege Tank  
  166  12:20  Raven  
  166  12:21  Hellion  
  173  12:31  SCV  
  173  12:32  SCV  
  175  12:38  Hellion  
  175  12:41  Raven  
  177  12:45  Hellion x2, Siege Tank  
  177  12:46  Hellion  
  177  12:49  Siege Tank  
  179  13:00  Hellion, SCV x4  
  179  13:03  Raven  
  187  13:07  Hellion x2  
  187  13:18  Siege Tank  
  187  13:22  Siege Tank  
  187  13:24  Raven  
  168  13:32  Hellion  
  147  13:46  Raven  
  141  13:49  Hellion x2  
  141  13:50  Siege Tank  
  141  13:51  SCV x3  
  141  13:54  Siege Tank  
  141  13:55  Hellion x2  
  143  14:04  SCV x2  
  143  14:07  Refinery, Raven  
  147  14:11  Hellion x2  
  147  14:16  Hellion x2  
  153  14:17  Command Center  
  153  14:22  Siege Tank  
  153  14:23  Command Center  
  153  14:25  SCV x2  
  153  14:26  Siege Tank  
  155  14:32  Hellion x2, Raven  
  155  14:34  SCV  
  155  14:35  SCV  
  155  14:38  Hellion  
  159  14:54  Siege Tank, Raven  
  152  15:03  Hellion x3  
  152  15:04  Hellion x2  
  152  15:11  SCV x2  
  152  15:12  SCV x2  
  152  15:13  SCV  
  157  15:15  Raven  
  148  15:23  SCV  
  149  15:33  Hellion x2  
  149  15:34  Widow Mine x2, SCV x3  
  160  15:37  Raven  
  160  15:43  Hellion x2  
  160  15:46  Planetary Fortress  
  156  15:50  Command Center  
  156  15:51  Command Center  
  156  15:54  Refinery, Command Center, SCV x3  
  156  15:56  Command Center  
  155  15:57  SCV x2  
  154  16:07  Hellion x2  
  160  16:11  SCV x2  
Show
View Real Time Build Order
Export as new Build Order

WhiteRa Protoss 

Build Orders: 1 Gate Expand 

Get SALT Encoding   

  12  0:01  Probe (Chrono Boost)  
  13  0:11  Probe (Chrono Boost)  
  14  0:17  Pylon  
  14  0:22  Probe (Chrono Boost)  
  15  0:35  Probe (Chrono Boost)  
  16  0:38  Gateway  
  16  0:46  Probe (Chrono Boost)  
  16  0:47  Assimilator  
  17  0:56  Probe (Chrono Boost)  
  18  0:57  Assimilator  
  18  1:07  Probe (Chrono Boost)  
  19  1:17  Probe (Chrono Boost)  
  20  1:28  Probe (Chrono Boost)  
  20  1:31  Nexus  
  21  1:40  Cybernetics Core  
  21  1:43  Probe (Chrono Boost)  
  22  1:52  Pylon  
  22  1:56  Probe (Chrono Boost)  
  23  2:10  Probe (Chrono Boost)  
  23  2:13  Gateway  
  24  2:17  Warp Gate (Chrono Boost)  
  24  2:18  Stalker  
  26  2:34  Mothership Core  
  28  2:50  Stalker  
  30  2:52  Pylon  
  30  2:56  Gateway  
  30  2:59  Probe  
  30  3:01  Probe  
  30  3:04  Stalker  
  34  3:17  Robotics Facility  
  34  3:21  Probe  
  34  3:22  Probe  
  36  3:30  Stalker  
  38  3:47  Twilight Council  
  38  3:50  Probe  
  38  3:52  Probe  
  40  3:59  Pylon  
  40  4:05  Immortal (Chrono Boost)  
  40  4:09  Sentry  
  46  4:10  Zealot  
  46  4:12  Probe  
  46  4:13  Probe  
  50  4:19  Stalker  
  50  4:22  Assimilator  
  50  4:23  Probe  
  53  4:32  Probe  
  53  4:34  Probe  
  55  4:38  Assimilator  
  55  4:40  Observer (Chrono Boost)  
  55  4:45  Probe  
  57  4:47  Blink (Chrono Boost)  
  57  4:50  Pylon, Probe  
  58  4:57  Probe  
  59  5:03  Immortal  
  59  5:04  Probe  
  60  5:13  Pylon  
  64  5:15  Forge  
  64  5:17  Probe  
  64  5:19  Probe  
  66  5:29  Probe  
  66  5:31  Probe  
  68  5:40  Observer  
  68  5:41  Pylon, Probe  
  70  5:43  Probe  
  70  5:48  Pylon  
  71  5:53  Probe  
  71  5:55  Probe  
  73  6:01  Protoss Ground Weapons Level 1 (Chrono Boost)  
  73  6:05  Probe  
  73  6:06  Photon Cannon  
  73  6:07  Probe, Photon Cannon  
  75  6:20  Nexus  
  75  6:24  Pylon  
  75  6:32  Pylon, Gateway  
  75  6:34  Gateway  
  75  6:39  Charge  
  75  6:45  Stalker  
  77  6:52  Gateway  
  77  6:55  Gateway  
  77  6:57  Templar Archives  
  77  7:01  Photon Cannon  
  77  7:08  Assimilator  
  77  7:11  Assimilator  
  77  7:12  Probe x2  
  79  7:25  Pylon  
  79  7:29  Probe  
  80  7:30  Pylon  
  80  7:33  Probe  
  80  7:35  Probe  
  80  7:36  Psionic Storm  
  82  7:40  Immortal, High Templar x3  
  82  7:41  Probe, High Templar  
  95  8:02  Probe  
  95  8:03  Probe x2  
  97  8:10  Robotics Bay  
  97  8:13  Probe  
  97  8:14  Warp Prism  
  97  8:15  Probe x2  
  102  8:23  Probe  
  102  8:26  Nexus  
  103  8:29  Pylon  
  103  8:34  Forge  
  103  8:40  Protoss Ground Weapons Level 2 (Chrono Boost)  
  103  8:50  Zealot x2  
  103  8:51  Zealot x2  
  111  8:58  Gravitic Drive  
  111  9:03  Gateway  
  111  9:04  Gateway  
  111  9:05  Gateway  
  111  9:08  Protoss Ground Armor Level 1 (Chrono Boost)  
  111  9:10  High Templar x2  
  111  9:11  High Templar x3  
  111  9:16  Archon  
  111  9:17  Archon  
  97  9:40  Immortal  
  97  9:42  Zealot x2  
  97  9:43  Zealot x2  
  97  9:44  Zealot x3  
  97  10:04  Zealot  
  97  10:05  Zealot x4  
  97  10:06  Zealot x2  
  103  10:15  High Templar  
  103  10:16  High Templar  
  103  10:17  Assimilator  
  95  10:21  Assimilator  
  95  10:26  Immortal  
  95  10:28  Stalker x4  
  77  10:29  Stalker x4  
  78  10:55  Stalker x3  
  81  11:00  Immortal  
  65  11:27  Stalker x4  
  65  11:28  Stalker x2  
  65  11:32  Probe x2  
  79  11:37  Probe  
  78  11:44  Probe  
  79  11:48  Probe  
  79  11:50  Probe  
  79  11:51  Pylon, High Templar x4  
  79  11:52  Warp Prism  
  89  11:55  Archon  
  89  11:56  Archon  
  89  12:00  Probe  
  91  12:02  Probe  
  91  12:05  Probe  
  94  12:12  Pylon  
  94  12:13  High Templar  
  94  12:14  High Templar  
  94  12:15  High Templar x2  
  100  12:16  High Templar  
  100  12:18  High Templar  
  100  12:19  Probe  
  100  12:21  Probe  
  100  12:22  Probe x2  
  108  12:27  Archon  
  108  12:28  Archon  
  108  12:57  High Templar  
  108  12:58  Stalker x4  
  95  12:59  Stalker x4  
  109  13:19  Stalker  
  85  13:27  Stalker x4  
  85  13:28  Stalker x2  
  85  13:44  Stalker x4  
  73  13:57  Stalker x3  
  73  13:58  Stalker  
  75  14:04  Observer  
  75  14:05  Stalker x2  
  80  14:17  Stalker x3  
  80  14:27  Stalker x2  
  80  14:28  Stalker  
  82  14:32  Zealot  
  80  14:46  Stalker x2  
  80  14:47  Stalker  
  70  15:01  Stalker x4  
  74  15:12  Stalker x2  
  74  15:13  Stalker x2  
  79  15:18  Probe x2  
  79  15:19  Probe  
  79  15:20  Probe  
  71  15:34  Stalker x3  
  61  15:51  Stalker  
  62  15:59  Observer  
  62  16:03  Zealot  
  62  16:04  Zealot x3  
  67  16:11  Stalker x4  
Tags
 
Composition
Mech
Matchup
PvT
Spawn Locations
Cross Positions
Add a new tag
Caveats
  • Supply blocks, unpowered buildings, or Contaminate may cause inaccurate times.
  • Supply counts are checked every 10 seconds.